 Dungeon Crawl Stone Soup version 0.30.1-11-g7821555f0a (webtiles) character file.

Game seed: 5254013950815881749

2312 cowcol the Cleaver (level 9, -2/70 HPs)
             Began as a Minotaur Fighter on Nov 11, 2023.
             Was an Initiate of Okawaru.
             Slain by a gnoll sergeant
             ... wielding a +0 glaive
              (6 damage)
             ... in a bailey.
             The game lasted 00:18:06 (7396 turns).

cowcol the Cleaver (Minotaur Fighter)               Turns: 7396, Time: 00:18:07

Health: -2/70      AC: 12    Str: 24    XL:     9   Next: 18%
Magic:  8/8        EV:  8    Int:  7    God:    Okawaru [......]
Gold:   327        SH:  5    Dex: 13    Spells: 8/8 levels left

rFire   . . .        a - +0 war axe
rCold   + + .        c - +0 buckler
rNeg    . . .        y - +0 chain mail of Gallantry {rC+ Str+2 Dex+2}
rPois   .            (helmet restricted)
rElec   .            d - +0 cloak
rCorr   .            (no gloves)
SInv    +            (no boots)
Will    .....        (no amulet) Stlth
                     i - ring of protection from cold
HPRegen 0.31/turn    m - ring of see invisible
MPRegen 0.11/turn

%: no passive effects
@: no status effects
A: horns 2, retaliatory headbutt
a: Renounce Religion


You were in a bailey.
You worshipped Okawaru.
Okawaru was noncommittal.
You visited 2 branches of the dungeon, and saw 8 of its levels.
You also visited: Bailey.

You collected 327 gold pieces.

Inventory:

Hand Weapons
 a - a +0 war axe (weapon)
Missiles
 e - 11 poisoned darts
 x - 2 throwing nets
 A - 3 silver javelins (quivered)
 D - 4 boomerangs
Armour
 b - a +0 scale mail
 c - a +0 buckler (worn)
 d - a +0 cloak (worn)
 o - a +0 chain mail
 r - the +2 leather armour "Baseys" {rC+ rCorr}
   (You found it on level 5 of the Dungeon)

   rC:        It protects you from cold.
   rCorr:     It protects you from acid and corrosion.
 y - the +0 chain mail of Gallantry (worn) {rC+ Str+2 Dex+2}
   (You found it on level 5 of the Dungeon)

   Str:       It affects your strength (+2).
   Dex:       It affects your dexterity (+2).
   rC:        It protects you from cold.
Jewellery
 i - a ring of protection from cold (left hand)
 j - a ring of wizardry
 m - a ring of see invisible (right hand)
Wands
 q - a wand of charming (4)
 t - a wand of roots (3)
 u - a wand of mindburst (17)
 E - a wand of flame (7)
Scrolls
 f - 4 scrolls of identify
 g - 2 scrolls of brand weapon
 k - 2 scrolls of teleportation
 l - a scroll of blinking
 s - a scroll of amnesia
 B - a scroll of enchant weapon
Potions
 h - a potion of magic {unknown}
 n - a potion of ambrosia
 p - 3 potions of brilliance
 w - a potion of resistance
 z - 2 potions of heal wounds {unknown}


   Skills:
 - Level 3.6 Fighting
 + Level 11.7 Axes
 - Level 1.0 Throwing
 + Level 9.6 Armour
 - Level 3.6 Shields
 + Level 0.2 Evocations


You had 8 spell levels left.
You didn't know any spells.
Your spell library contained the following spells:

 Spells                   Type           Power      Damage    Failure   Level
 Beastly Appendage        Tmut           0%         N/A       94%         1
 Sandblast                Erth           0%         2d4       94%         1
 Passwall                 Tmut/Erth      0%         N/A       98%         2
 Wereblood                Tmut           0%         N/A       98%         2
 Spider Form              Tmut/Pois      0%         N/A       100%        3
 Stone Arrow              Conj/Erth      0%         3d7       100%        3


Dungeon Overview and Level Annotations

Branches:
Dungeon (7/15)             Temple (1/1) D:6          Bailey (1/1)

Altars:
Ashenzari
Elyvilon
Fedhas
Gozag
Hepliaklqana
Kikubaaqudgha
Makhleb
Nemelex Xobeh
Okawaru
Qazlal
Ru
Sif Muna
Wu Jian
Xom
Yredelemnul
Zin
The Shining One

Shops:
D:1 =   D:6 *


Innate Abilities, Weirdness & Mutations

You have a pair of horns on your head.
You reflexively headbutt those who attack you in melee.


Message History

Items here: )) [[ ÷ †.
The gnoll hits you but does no damage.
The gnoll sergeant hits you from afar with a +0 glaive!
The gnoll hits you from afar with a +0 trident.
Things that are here:
a hound skeleton; a hound skeleton
There is a gate leading back out of this place, spattered with blood here.
The gnoll hits you from afar with a +0 trident.
The gnoll hits you with a +0 trident. The gnoll hits you but does no damage.
The gnoll sergeant hits you from afar with a +0 glaive!
The gnoll barely misses you.
Things that are here:
a hound skeleton; a hound skeleton You hit the gnoll but do no damage.
The gnoll is lightly wounded.
The gnoll barely misses you. You furiously retaliate!
You headbutt the gnoll!
You kill the gnoll!
Okawaru accepts your kill.
The gnoll hits you from afar with a +0 trident.
* * * LOW HITPOINT WARNING * * *
The gnoll sergeant completely misses you.
The gnoll barely misses you.
You feel better. The gnoll completely misses you.
The gnoll hits you from afar with a +0 trident.
The gnoll sergeant hits you from afar with a +0 glaive.
The gnoll hits you with a +0 trident!
* * * LOW HITPOINT WARNING * * *
You block the gnoll sergeant's attack. The gnoll closely misses you.
You furiously retaliate!
You headbutt the gnoll.
The gnoll sergeant hits you from afar with a +0 glaive!
* * * LOW HITPOINT WARNING * * *
Items here: ))) [[[ ÷ ††.
You barely miss the gnoll.
The gnoll is moderately wounded.
You hit the gnoll.
You hit the gnoll sergeant but do no damage.
The gnoll hits you with a +0 trident.
* * * LOW HITPOINT WARNING * * *
The gnoll sergeant hits you with a +0 glaive.
You die...

#...≈≈♣♣ ###..≈.♣
#..≈.♣♣ #..≈..♣ #
#..≈..♣ .. #..≈..♣♣
... #####..≈...♣♣
$..g#...'......g♣♣♣#
8...'...'(.(..gg@÷∩#
$..g#...'......g♣♣♣#
... #####..≈...♣♣ ..
#..≈...♣ # #..≈...♣
#..≈..♣♣ #..≈.♣♣
###..≈.♣ #...≈≈♣♣


You could see 2 gnoll sergeants and 2 gnolls.

Vanquished Creatures
  Pikel (D:5)
  Duvessa (D:4)
  A black bear (D:5)
  2 ice beasts
  A centaur (D:6)
  A lemure (D:5)
  2 bullfrogs
  3 scorpions
  2 water moccasin zombies (D:5)
  Dowan (D:4)
  A howler monkey (D:6)
  A bullfrog zombie (D:5)
  Crazy Yiuf (D:2)
  5 orc priests
  3 sleepcaps
  4 hounds
  Ijyb (D:4)
  3 iguanas
  4 orc wizards (D:3)
  2 scorpion zombies (D:5)
  A hound zombie (D:5)
  6 adders
  6 gnolls (Bailey)
  A shadow imp (D:6)
  A worm (D:3)
  16 orcs
  8 ball pythons
  4 bats
  10 endoplasms
  4 giant cockroaches
  4 goblins
  6 hobgoblins
  10 jackals
  12 kobolds
  3 quokkas (D:4)
  4 frilled lizards
  11 rats
147 creatures vanquished.

Notes
Turn   | Place    | Note
-------+----------+-------------------------------------------
     0 | D:1      | cowcol the Minotaur Fighter began the quest for the Orb.
     0 | D:1      | Reached XP level 1. HP: 19/19 MP: 0/0
   128 | D:1      | Reached XP level 2. HP: 24/26 MP: 1/1
   241 | D:1      | Reached skill level 3 in Axes
   466 | D:1      | Found Ided's One-of-a-Kind Rings.
   600 | D:1      | Reached XP level 3. HP: 31/31 MP: 2/2
  1163 | D:2      | Found a faded altar of an unknown god.
  1322 | D:2      | Found a runed translucent door.
  1323 | D:2      | Noticed Crazy Yiuf
  2356 | D:2      | Killed Crazy Yiuf
  2357 | D:2      | Reached skill level 4 in Axes
  2357 | D:2      | Reached XP level 4. HP: 30/39 MP: 3/3
  2560 | D:3      | Reached skill level 5 in Armour
  2643 | D:3      | Found a sparkling altar of Nemelex Xobeh.
  2688 | D:3      | Reached skill level 5 in Axes
  2692 | D:3      | Reached XP level 5. HP: 44/45 MP: 4/4
  3272 | D:4      | Reached XP level 6. HP: 51/51 MP: 5/5
  3273 | D:4      | Noticed Ijyb
  3308 | D:3      | Reached skill level 6 in Axes
  3633 | D:4      | Killed Ijyb
  4129 | D:4      | Reached skill level 7 in Axes
  4288 | D:4      | Reached XP level 7. HP: 57/57 MP: 6/6
  4656 | D:4      | Noticed Duvessa
  4656 | D:4      | Noticed Dowan
  4678 | D:4      | Killed Duvessa
  4687 | D:4      | Killed Dowan
  4866 | D:5      | Entered Level 5 of the Dungeon
  4892 | D:5      | Reached skill level 8 in Axes
  5102 | D:5      | Identified the +2 leather armour "Baseys" {rC+ rCorr}
  5120 | D:5      | Reached skill level 9 in Axes
  5120 | D:5      | Reached XP level 8. HP: 49/64 MP: 7/7
  5262 | D:5      | Noticed Pikel
  5278 | D:5      | HP: 3/64 [lemure[Pikel] (3)]
  5279 | D:5      | Killed Pikel
  5280 | D:5      | Reached skill level 10 in Axes
  5280 | D:5      | Reached skill level 1 in Throwing
  5653 | D:5      | Found a basalt altar of Yredelemnul.
  5734 | D:5      | Reached skill level 11 in Axes
  5782 | D:5      | Identified the +0 chain mail of Gallantry {rC+ Str+2 Dex+2}
  5924 | D:5      | Found a blossoming altar of Fedhas.
  6021 | D:6      | Found Olidew's Overcharged Wands.
  6030 | D:6      | Reached XP level 9. HP: 68/70 MP: 8/8
  6478 | D:6      | Found a staircase to the Ecumenical Temple.
  6844 | Temple   | Entered the Ecumenical Temple
  6844 | Temple   | Found a transporter.
  6844 | Temple   | Found a transporter.
  6846 | Temple   | Found a transporter.
  6846 | Temple   | Found a transporter.
  6872 | Temple   | Became a worshipper of Warmaster Okawaru
  7079 | D:7      | Found a broken altar of Ashenzari.
  7083 | D:7      | Saw a vision of the Shoals and the Snake Pit.
  7083 | D:7      | Noticed a skyshark
  7083 | D:7      | Noticed a merfolk
  7083 | D:7      | Noticed a wind drake
  7083 | D:7      | Noticed a sea snake
  7083 | D:7      | Noticed a manticore
  7083 | D:7      | Noticed a sea snake
  7083 | D:7      | Noticed a wind drake
  7083 | D:7      | Noticed a black mamba
  7084 | D:7      | Noticed a merfolk impaler
  7084 | D:7      | Noticed a mana viper
  7084 | D:7      | Noticed a black mamba
  7084 | D:7      | Noticed a shock serpent
  7084 | D:7      | Noticed a skyshark
  7140 | D:7      | Found a flagged portal.
  7146 | Bailey   | Entered a bailey
  7396 | Bailey   | Slain by a gnoll sergeant

Illustrated notes

Levels and vault maps discovered:
D:1:      erik_arrival_cave_to_civilisation [erik_arrival_cave_to_hall],
          layout_loops_ring, chequers_serial_rivers_marsh,
          amcnicky_mini_rare_corridor_liquid, chequers_serial_rivers_small_b,
          minivault_24, nicolae_shop_unique_rings, minmay_crystal_room
D:2:      layout_basic, ebering_ecumenical_altar_petrified,
          minmay_rat_gold_closets, uniq_crazy_yiuf_cottage
D:3:      layout_rooms, mainiacjoe_overflow_cross_hatched, nrook_loot_triangle
D:4:      layout_loops_corners, uniq_duvessa, uniq_ijyb
D:5:      layout_rooms, kennysheep_mini, nicolae_yredelemnul_corpse_copse,
          hangedman_decor_opposing, uniq_pikel
D:6:      layout_loops_ring, temple_hall, nicolae_shop_overcharged_wands
D:7:      layout_basic, grunt_ashenzari_visionary
          [grunt_ashenzari_visionary_shoals, grunt_ashenzari_visionary_snake],
          enter_bailey_2
Temple:   hellmonk_temple_divided_pantheon
Bailey:   bailey_polearm_gnolls_kennysheep, bailey

Skill      XL: |  1  2  3  4  5  6  7  8 |
---------------+-------------------------+-----
Armour         | 4 5 6 7 9 |  9.6
Axes           | 3 4 5 7 9 11 | 11.7
Throwing       | 1 |  1.0
Fighting       | |  3.6
Shields        | |  3.6
Evocations     | |  0.2

Action                     |  1- 3 |  4- 6 |  7- 9 || total
---------------------------+-------+-------+-------++-------
  Melee: War axe           |    75 |   153 |   161 ||   389
         Headbutt          |     8 |    22 |    32 ||    62
  Throw: Dart              |       |     5 |     2 ||     7
         Javelin           |       |       |     3 ||     3
  Evoke: Wand              |       |       |     1 ||     1
    Use: Scroll            |     1 |     2 |     6 ||     9
         Potion            |     1 |     5 |     4 ||    10
 Armour: Scale mail        |    33 |   115 |    21 ||   169
         Chain mail        |       |       |    75 ||    75
  Dodge: Dodged            |    24 |    81 |    71 ||   176
  Block: Buckler           |    12 |    40 |    38 ||    90
